 Dungeon Crawl Stone Soup version 0.14.2 (webtiles) character file.

258 Amnesiac the Charlatan (level 5, 0/27 HPs)
             Began as a Spriggan Artificer on Feb 4, 2018.
             Slain by an orc
             ... wielding a +0,+0 flail
              (8 damage)
             ... on Level 3 of the Dungeon.
             The game lasted 00:04:44 (4235 turns).

Amnesiac the Charlatan (Spriggan Artificer)         Turns: 4235, Time: 00:04:44

HP   0/27        AC  2     Str  7      XL: 5   Next: 19%
MP  22/22        EV 19     Int 13      God:
Gold 96          SH  0     Dex 18      Spells:  0 memorised,  4 levels left

rFire  . . .     SeeInvis +     s - +0 whip (venom)
rCold  . . .     Clarity  +     e - +0 robe
rNeg   . . .     Conserve .     (shield restricted)
rPois  .         rCorr    .     (helmet restricted)
rElec  .         rRot     .     (no cloak)
SustAb . .       Spirit   .     (gloves unavailable)
rMut   .         Warding  .     (boots unavailable)
Saprov . . .     Stasis   .     o - amulet of clarity {unknown}
MR     .....                    (no ring)
                                m - ring of magical power

@: very quick, not resistant to hostile enchantments, stealthy
A: unfitting armour, see invisible, herbivore 3, speed 3, slow metabolism 2
a: no special abilities


You were on level 3 of the Dungeon.
You were completely stuffed.

You visited 1 branch of the dungeon, and saw 3 of its levels.

You collected 96 gold pieces.

Inventory:

Hand weapons
 p - a +0,+0 sling
 s - a +0,+0 whip of venom (weapon)
Missiles
 a - 7 poisoned needles
 g - 37 darts (quivered)
 q - 64 stones
 t - 3 darts of frost
 u - 16 sling bullets
Armour
 e - a +0 robe (worn)
Magical devices
 b - a wand of flame (11)
 c - a wand of enslavement (15)
 d - a wand of random effects (13)
 v - a wand of cold (8) {unknown}
Comestibles
 k - a bread ration
 r - a meat ration
Scrolls
 i - a scroll of immolation {!r, unknown}
 j - 6 scrolls of identify {!r, unknown}
 l - 2 scrolls of remove curse {!r, unknown}
 n - a scroll of amnesia {!r, unknown}
Jewellery
 m - a ring of magical power (left hand)
 o - an amulet of clarity (around neck) {unknown}
Potions
 f - a potion of flight {!q, unknown}
 h - a potion of curing {!q, unknown}


   Skills:
 + Level 2.7 Fighting
   Level 2.0 Short Blades
 - Level 3.0 Slings
 - Level 4.0 Dodging
 - Level 2.0 Stealth
 - Level 4.0 Evocations


You had 4 spell levels left.
You didn't know any spells.

Dungeon Overview and Level Annotations

Branches:
Dungeon (3/15)

Altars:
Elyvilon


Innate Abilities, Weirdness & Mutations

You are tiny and cannot use many weapons and most armour.
You have supernaturally acute eyesight.
You are a herbivore.
You cover ground extremely quickly.
You need consume almost no food.


Message History

There are monsters nearby!
The orc priest closely misses you.
You hit the orc priest.
The orc priest is poisoned.
The orc priest is moderately wounded.
The orc wizard mumbles some strange words.
You feel a wave of unholy energy pass over you.
The orc priest mumbles some strange prayers to Beogh against you.
You struggle to resist.
You hit the orc priest but do no damage.
The orc priest looks even sicker.
The orc priest is moderately wounded.
The orc priest hits you with a mace.
You hit the orc priest.
The orc priest looks even sicker.
The orc priest is heavily wounded.
The orc wizard gestures wildly while chanting.
The orc wizard seems to speed up.
The orc priest misses you.
You hit the orc priest.
The orc priest is severely wounded.
The orc priest hits you with a mace!
* * * LOW HITPOINT WARNING * * *
An orc comes into view. It is wielding a hand axe.
You are too injured to fight recklessly!
You are too injured to fight recklessly!
Unknown command.
The orc shouts!
You kill the orc priest!
You have reached level 5!
You feel agile.
The orc wizard gestures wildly while chanting.
You feel a wave of unholy energy pass over you.
An ooze comes into view.
The ooze quivers.
You see here a scroll labeled PIOKKIST ALEA {!r}.
Found a dagger.
You see here 9 gold pieces.
You hit the ooze.
The ooze is moderately wounded.
The ooze hits you but does no damage.
You see here a spear.
You see here a quokka corpse.
There is a stone staircase leading down here.
Things that are here:
a mace; a leather armour; an orc corpse A kobold comes into view.
It is wielding a whip.
There is a stone staircase leading down here.
A kobold is nearby!
Found 16 gold pieces.
The helpless kobold fails to defend itself.
You hit the kobold but do no damage. The kobold barely misses you.
You hit the kobold.
You kill the kobold!
An orc comes into view. It is wielding a flail.
The orc shouts!
The orc moves out of view.
An orc comes into view.
Things that are here:
a whip; 3 darts
There is a stone staircase leading down here.
You start resting.
You barely miss the orc. The orc completely misses you.
You hit the orc.
The orc is poisoned.
The orc is heavily wounded.
The orc hits you with a flail!
You die...

#. # #. ### # #.# #
..# # #..#$## #.# #
#...#. #.# # #...###
#.# #
###.>..#######.#####
#..@###......#.>....
#.#o# #.####)#..####
# #.# #.# #.#..# #
##. .## #.#..####
#.######.#....##
#..........####≈
#..#####.### ##≈ o#
#.# ###.. . ..#
#....


You could see an orc.

Vanquished Creatures
  An orc priest (D:3)
  2 adders (D:2)
  4 gnolls
  2 worms (D:2)
  3 giant geckos
  An orc (D:3)
  4 giant cockroaches
  4 goblins
  5 hobgoblins
  4 jackals (D:2)
  A quokka (D:3)
  8 bats
  5 giant newts
  8 kobolds
  11 rats
63 creatures vanquished.

Notes
Turn   | Place    | Note
--------------------------------------------------------------
     0 | D:1      | Amnesiac, the Spriggan Artificer, began the quest for the Orb.
     0 | D:1      | Reached XP level 1. HP: 9/9 MP: 2/2
    30 | D:1      | Reached skill level 1 in Fighting
   685 | D:1      | Reached XP level 2. HP: 12/14 MP: 5/5
  1510 | D:1      | Reached XP level 3. HP: 5/18 MP: 8/8
  2964 | D:2      | Reached skill level 1 in Slings
  2964 | D:2      | Reached XP level 4. HP: 12/23 MP: 10/10
  4134 | D:3      | Found a white marble altar of Elyvilon.
  4174 | D:3      | Reached XP level 5. HP: 5/27 MP: 13/13
  4235 | D:3      | Slain by an orc

Action                   |  1- 3 |  4- 6 || total
-------------------------+-------+-------++-------
Melee: Short sword       |   106 |       ||   106
       Whip              |       |    41 ||    41
 Fire: Sling             |   103 |    68 ||   171
Throw: Dart              |     7 |       ||     7
Evoke: Wand              |     5 |     1 ||     6
  Use: Potion            |       |     1 ||     1
 Stab: Sleeping          |     2 |     6 ||     8
       Distracted        |     1 |       ||     1
